Unix NetHack Version 5.0.0-0 post-release - last build May 22 2026 02:22:16 (99d1c3b6dc4b13757aaa5824b55bdea4e1e63757,branch:main).

Game began 2026-05-23 03:04:24, ended 2026-05-23 03:12:10.

Brudee, neutral female human Tourist

                             -----                        #
           -----------       |...|            #         -----       --------
           |..........##     |...|      ------------    |...|      #-......|
           |.........|   ####|...|     #...........-####....-####)##|......|
           |......{...####   |...+#    #|...<......|#   |...|######0|......|
           |.......>.|       -----#    #|..........|#   |...|#      |......|
           --------+--           ##    #------------#   |...|#      --|-----
                   #             #     #       ######   |...|#        i@
                ####           ###     #            #   -|---#         d#
               ##              ###############################          #
              ##               ###############      #    #              #
           ####         ########-------#     ###    #    #            --|--
           #                   #|....>|#       ##   #    ####         |..!|
          ##                   #|.....|#        #####-------.---      |!.]|
         -+---                 #+.....|#            #+.........|      |!!!|
         |...|                 #|.....+#            #|.........|      -----
         |...|                ##|.....|             #+.........|
         |....################# -------              |.........|
         -----                                       -----------

Brudee the Sightseer        St:12 Dx:11 Co:15 In:14 Wi:10 Ch:13  Neutral S:270
Dlvl:3  $:137 HP:0(28) Pw:12(12) AC:10 Xp:3/40 T:869 

Latest messages:
 You see here a dark green potion (for sale, 200 zorkmids).
 You see here a fizzy potion (for sale, 133 zorkmids).
 You see here an emerald potion (for sale, 200 zorkmids).
 The runed dagger hits Shaggy.
 You see here an effervescent potion (for sale, 178 zorkmids).
 You see here a dark potion (for sale, 400 zorkmids).
 You see here a dark green potion (for sale, 200 zorkmids).
 In what direction? k
 The dart hits the hobbit.
 The hobbit hits!
 In what direction? k
 The dart hits the hobbit!
 Shaggy picks up a dark green potion.
 The hobbit hits!
 In what direction? k
 You kill the hobbit!
 Welcome to experience level 3.
 a - 3 blessed +2 darts (at the ready) (34 in total).
 K - a runed dagger.
 There is a hobbit corpse here; eat it? [ynq] (n) y
 This hobbit corpse is tough.
 Shaggy drops a dark green potion.
 You finish eating the hobbit corpse.
 The homunculus bites!
 In what direction? h
 The dart misses the homunculus.
 The homunculus bites!
 In what direction? h
 The dart misses the homunculus.
 The homunculus bites!
 In what direction? h
 The dart misses the homunculus.
 The homunculus bites!
 You are put to sleep by the homunculus!
 The homunculus bites!
 The homunculus bites!
 The homunculus bites!
 Shaggy misses the homunculus.
 Shaggy misses the homunculus.
 The homunculus bites!
 Shaggy misses the homunculus.
 The homunculus bites!
 Shaggy misses the homunculus.
 The homunculus bites!
 Shaggy bites the homunculus.
 The homunculus misses Shaggy.
 Shaggy bites the homunculus.
 The homunculus bites!
 You die...
 Do you want your possessions identified? [ynq] (y) q

Inventory:
 Coins    ('$')
  $ - 137 gold pieces
 Amulets  ('"')
  z - an uncursed amulet of life saving
 Weapons  (')')
  a - 31 blessed +2 darts (at the ready)
  K - a +0 elven dagger
  v - a rustproof +0 orcish dagger
 Armor    ('[')
  k - an uncursed +0 Hawaiian shirt with a parrot motif (being worn)
 Comestibles  ('%')
  c - an uncursed slime mold
  e - an uncursed apple
  g - an uncursed carrot
  b - 9 uncursed food rations
  J - an uncursed lembas wafer
  w - an uncursed orange
  x - an uncursed pancake
  d - 3 uncursed tripe rations
  f - an uncursed tin of dried goblin meat
  o - an uncursed lichen corpse
 Scrolls  ('?')
  n - an uncursed scroll of destroy armor
  j - a blessed scroll of magic mapping
  i - 2 uncursed scrolls of magic mapping
 Potions  ('!')
  h - 2 uncursed potions of extra healing
  p - an uncursed potion of fruit juice
  H - an uncursed potion of full healing
  q - 3 blessed potions of healing
  G - an uncursed potion of healing
  r - a cursed potion of healing
  A - an uncursed potion of water
 Rings    ('=')
  s - an uncursed ring of invisibility
  t - an uncursed ring of see invisible
 Tools    ('(')
  F - an empty uncursed sack
  m - an uncursed credit card
  l - an expensive camera (0:85)
  u - a +0 grappling hook
 Gems/Stones  ('*')
  I - an uncursed garnet stone
  y - a cursed worthless piece of yellowish brown glass

Brudee the Tourist's attributes:

Background:
 You were a Sightseer, a level 3 female human Tourist.
 You were neutral, on a mission for The Lady
 who was opposed by Blind Io (lawful) and Offler (chaotic).
 You were right-handed.
 You were in the Dungeons of Doom, on level 3.
 You entered the dungeon 869 turns ago.
 It was nighttime.
 You had 40 experience points, 40 more were needed to attain level 4.
 Your score was 270 before end-of-game adjustments.

Basics:
 You had 0 out of 28 hit points.
 You had all 12 energy points (spell power).
 Your armor class was 10.
 Your wallet contained 137 zorkmids.
 Autopickup was on for '$!=+?/"' plus thrown.

Final Characteristics:
 Your strength was 12 (limit:18/100).
 Your dexterity was 11 (limit:18).
 Your constitution was 15 (limit:18).
 Your intelligence was 14 (limit:18).
 Your wisdom was 10 (limit:18).
 Your charisma was 13 (limit:18).

Final Status:
 You weren't hungry.
 You were unencumbered.
 You were bare handed.
 You were unskilled in bare handed combat.

Final Attributes:
 You were devoutly aligned.
 You are dead.

Miscellaneous:
 You didn't encounter any bones levels.
 Total elapsed playing time was 7 minutes and 45 seconds.

Major events:
 Turn
    1: Brudee the neutral female human Tourist entered the dungeon
  842: attained the rank of Sightseer (level 3)
  869: killed by a homunculus, while sleeping

You didn't know any spells.

Skills:
 Fighting Skills
   bare handed combat [Unskilled]
   two weapon combat  [Unskilled]
   riding             [Unskilled]
 Weapon Skills
   dagger             [Unskilled]
   knife              [Unskilled]
   axe                [Unskilled]
   pick-axe           [Unskilled]
   short sword        [Unskilled]
   broadsword         [Unskilled]
   long sword         [Unskilled]
   two-handed sword   [Unskilled]
   saber              [Unskilled]
   mace               [Unskilled]
   morning star       [Unskilled]
   flail              [Unskilled]
   hammer             [Unskilled]
   quarterstaff       [Unskilled]
   polearms           [Unskilled]
   spear              [Unskilled]
   trident            [Unskilled]
   lance              [Unskilled]
   bow                [Unskilled]
   sling              [Unskilled]
   crossbow           [Unskilled]
   dart               [Basic]
   shuriken           [Unskilled]
   boomerang          [Unskilled]
   whip               [Unskilled]
   unicorn horn       [Unskilled]
 Spellcasting Skills
   divination spells  [Unskilled]
   enchantment spells [Unskilled]
   escape spells      [Unskilled]

Voluntary challenges:
 Character rerolling was not enabled.
 You were an atheist.
 You never hit with a wielded weapon.
 You never genocided any monsters.
 You never polymorphed an object.
 You never changed form.
 You used no wishes.
Achievements:
 You entered a shop.
 You attained the rank of Sightseer.

 The Dungeons of Doom: levels 1 to 3
    Level 1:
       Some fountains.
    Level 2:
       A general store, a fountain.
    Level 3: <- You were here.
       A potion shop, a sink.
       Final resting place for
          you, killed by a homunculus, while sleeping.


Vanquished creatures:
  a hobbit
  a gnome zombie
  a gecko
  6 jackals
  a kobold
  a goblin
  2 grid bugs
  4 lichens
  a kobold zombie
  6 newts
24 creatures vanquished.

No species were genocided or became extinct.

Game over:
                       ----------
                      /          \
                     /    REST    \
                    /      IN      \
                   /     PEACE      \
                  /                  \
                  |      Brudee      |
                  |      137 Au      |
                  |   killed by a    |
                  |    homunculus    |
                  |                  |
                  |                  |
                  |       2026       |
                 *|     *  *  *      | *
        _________)/\\_//(\/(/\)/\//\/|_)_______

Aloha Brudee the Tourist...

You died in The Dungeons of Doom on dungeon level 3 with 270 points,
and 137 pieces of gold, after 869 moves.
You were level 3 with a maximum of 28 hit points when you died.

